 Dungeon Crawl Stone Soup version 0.27-a0-1139-g28e009f8a6 (webtiles) character file.

Game seed: 4052746117810520058

473 sizableburger the Grave Robber (level 7, 0/60 HPs)
             Began as a Naga Necromancer on May 7, 2021.
             Was a Believer of Makhleb.
             Slain by a steam dragon (5 damage)
             ... on level 6 of the Dungeon.
             The game lasted 00:15:45 (5481 turns).

sizableburger the Grave Robber (Naga Necromancer)   Turns: 5481, Time: 00:15:46

Health: 0/60       AC:  6    Str: 10    XL:     7   Next: 10%
Magic:  5/10       EV: 10    Int: 17    God:    Makhleb [**....]
Gold:   228        SH:  0    Dex: 12    Spells: 1/11 levels left

rFire    . . .     SeeInvis +   p - +0 flail
rCold    . . .     Faith    .   (no shield)
rNeg     . . .     Spirit   .   a - +0 robe
rPois    +         Reflect  .   (no helmet)
rElec    .         Harm     .   c - +2 cloak
rCorr    .         Rampage  .   (no gloves)
Will     .....                  (no barding)
Stlth    ++........             e - amulet of regeneration
HPRegen  1.20/turn              (no ring)
MPRegen  0.12/turn              (no ring)

@: very slow
A: AC +2, large, see invisible, deformed body, poison resistance, slowness 2,
spit poison 1, naga tail 1
a: Spit Poison, Renounce Religion, Minor Destruction


You were on level 6 of the Dungeon.
You worshipped Makhleb.
Makhleb was pleased with you.
You visited 2 branches of the dungeon, and saw 7 of its levels.

You collected 228 gold pieces.

Inventory:

Hand Weapons
 p - a +0 flail (weapon)
Armour
 a - a +0 robe (worn)
 c - a +2 cloak (worn)
 l - a +0 buckler
Jewellery
 e - an amulet of regeneration (around neck)
 t - a ring of ice
Wands
 b - a wand of iceblast (10)
 d - a wand of paralysis (5)
Scrolls
 h - a scroll of teleportation
Potions
 f - a potion of flight {unknown}
 g - 3 potions of curing
 j - a potion of ambrosia {unknown}
 k - a potion of mutation {unknown}
 m - a potion of degeneration {unknown}
 q - a potion of heal wounds {unknown}
 r - 2 potions of attraction {unknown}
 s - a potion of lignification {unknown}


   Skills:
 + Level 2.2 Fighting
 - Level 2.2(2.9) Axes
 + Level 2.6(3.1) Maces & Flails
 - Level 0.6(1.7) Staves
 - Level 1.5 Dodging
 - Level 3.0 Stealth
 - Level 2.4 Shields
 + Level 2.6 Spellcasting
 - Level 5.0 Necromancy
 + Level 2.3 Poison Magic


You had one spell level left.
You knew the following spells:

 Your Spells              Type           Power      Damage    Failure   Level
a - Pain                  Necr           76%        1d7       2%          1
b - Vampiric Draining     Necr           9%         2d7       7%          3
c - Animate Dead          Necr           9%         N/A       22%         4
d - Poisonous Vapours     Pois/Air       12%        N/A       17%         2

Your spell library contained the following spells:

 Spells                   Type           Power      Damage    Failure   Level
 Animate Skeleton         Necr           38%        N/A       2%          1
 Sting                    Tmut/Pois      24%        1d4       12%         1
 Apportation              Tloc           4%         N/A       19%         1
 Beastly Appendage        Tmut           4%         N/A       19%         1
 Corona                   Hex            2%         N/A       19%         1
 Summon Small Mammal      Summ           8%         N/A       19%         1
 Wereblood                Tmut           2%         N/A       28%         2
 Spider Form              Tmut/Pois      3%         N/A       34%         3
 Ignite Poison            Fire/Tmut/Pois 4%         N/A       36%         3
 Mephitic Cloud           Conj/Pois/Air  4%         N/A       36%         3
 Agony                    Necr           19%        N/A       54%         5
 Olgreb's Toxic Radiance  Pois           10%        N/A       56%         4
 Ice Form                 Ice/Tmut       2%         N/A       88%         4
 Hydra Form               Tmut           1%         N/A       99%         5


Dungeon Overview and Level Annotations

Branches:
Dungeon (6/15)             Temple (1/1) D:5

Altars:
Hepliaklqana
Makhleb
Trog
Uskayaw
Vehumet

Shops:
D:5 [

Annotations:
D:4 Edmund
D:6 Menkaure


Innate Abilities, Weirdness & Mutations

Your serpentine skin is tough. (AC +2)
You have supernaturally acute eyesight. (SInv)
Armour fits poorly on your strangely shaped body.
Your system is resistant to poisons. (rPois)
You cover ground very slowly.
You can spit poison.
You have a snake-like lower body.


Message History

* * * LOW HITPOINT WARNING * * *
Unknown command.
The steam dragon barely misses you.
The steam dragon claws you but does no damage.
There is a stone staircase leading up here.
Casting: Pain (safe; 2% risk of failure)
Confirm with . or Enter, or press ? or * to list all spells.
Aiming: Pain (safe; 2% risk of failure)
Press: ? - help, Shift-Dir - straight line, f/p - steam dragon
Aim: a steam dragon (severely wounded, catching its breath, chance to affect: 78%)
Okay, then.
Press: ? - help, Shift-Dir - straight line, f/p - steam dragon
Aim: a steam dragon (severely wounded, catching its breath)
The splash of poison hits the steam dragon but does no damage.
The steam dragon is severely wounded.
The steam dragon bites you.
* * * LOW HITPOINT WARNING * * *
The steam dragon closely misses you.
Press: ? - help, Shift-Dir - straight line, f/p - steam dragon
Aim: a steam dragon (severely wounded)
The zap hits the steam dragon but does no damage.
The steam dragon is severely wounded.
The steam dragon breathes steam at you. The ball of steam hits you.
* * * LOW HITPOINT WARNING * * *
Press: ? - help, Shift-Dir - straight line, f/p - steam dragon
Aim: a steam dragon (severely wounded, catching its breath)
The steam dragon easily resists.
You are engulfed in a cloud of scalding steam.
You have got your breath back.
The steam dragon closely misses you. The steam dragon claws you.
* * * LOW HITPOINT WARNING * * *
Press: ? - help, Shift-Dir - straight line, f/p - steam dragon
Aim: a steam dragon (severely wounded, catching its breath)
The steam dragon easily resists.
You are engulfed in a cloud of scalding steam.
The steam dragon bites you.
* * * LOW HITPOINT WARNING * * *
The steam dragon claws you.
You die...

+#...#+ .#
#####.....####.#
##..............#
#.......āŒ .......#
#.....D........#####
###ā€ ....###.....#
M ##..#...#'.##...##
#. #...#...#.D.#.###
#.. #<.##...##.@#..
#.. ####.....####.#.
#...#. #.##...# ##.#
#>...##......# #
#...........#
###.......#.#
####......#
#.##.#..# #.#
..ā‰ˆPā‰ˆ


You could see a steam dragon (catching breath).

Vanquished Creatures
  An ogre (D:5)
  A scorpion (D:6)
  A hound (D:4)
  A bullfrog skeleton (D:5)
  A centaur skeleton (D:6)
  Terence (D:3)
  An iguana (D:5)
  An orc wizard (D:5)
  6 adders
  An ufetubus (D:5)
  2 adder skeletons (D:4)
  3 worms
  3 dart slugs
  11 orcs
  8 ball pythons
  2 endoplasms
  A giant cockroach (D:1)
  5 goblins
  4 hobgoblins
  9 jackals
  5 kobolds
  9 quokkas
  9 bats
  3 frilled lizards (D:2)
  3 rats
92 creatures vanquished.

Notes
Turn   | Place    | Note
-------+----------+-------------------------------------------
     0 | D:1      | sizableburger the Naga Necromancer began the quest for the
                  | Orb.
     0 | D:1      | Reached XP level 1. HP: 15/15 MP: 3/3
   120 | D:1      | Reached XP level 2. HP: 21/22 MP: 1/5
   397 | D:1      | Found a faded altar of an unknown god.
   518 | D:1      | Became a worshipper of Makhleb the Destroyer
   518 | D:1      | Reached * piety under Makhleb
   939 | D:1      | Reached skill level 1 in Axes
  1058 | D:2      | Reached XP level 3. HP: 24/28 MP: 2/6
  1106 | D:2      | Learned a level 3 spell: Vampiric Draining
  1581 | D:2      | Reached XP level 4. HP: 36/36 MP: 3/7
  2501 | D:3      | Noticed Terence
  2508 | D:3      | Killed Terence
  2734 | D:3      | Reached XP level 5. HP: 38/42 MP: 6/8
  3281 | D:3      | Learned a level 4 spell: Animate Dead
  3294 | D:4      | Reached skill level 1 in Shields
  3294 | D:4      | Reached skill level 5 in Necromancy
  3376 | D:4      | Reached ** piety under Makhleb
  3615 | D:4      | Reached skill level 1 in Maces & Flails
  3674 | D:5      | Entered Level 5 of the Dungeon
  3749 | D:5      | Noticed an ogre
  3755 | D:5      | Killed an ogre
  3756 | D:5      | Reached skill level 1 in Fighting
  3756 | D:5      | Reached XP level 6. HP: 51/51 MP: 3/9
  3763 | D:5      | Learned a level 2 spell: Poisonous Vapours
  4168 | D:4      | Found a bloodstained altar of Trog.
  4313 | D:4      | Found a hazy altar of Hepliaklqana.
  4406 | D:5      | Reached skill level 1 in Poison Magic
  4705 | D:5      | Found Xeboaj's Armour Shoppe.
  4712 | D:5      | Noticed Edmund
  5115 | D:5      | Found a staircase to the Ecumenical Temple.
  5264 | Temple   | Entered the Ecumenical Temple
  5371 | D:6      | Reached XP level 7. HP: 41/60 MP: 6/10
  5409 | D:6      | Noticed Menkaure
  5461 | D:6      | Noticed a steam dragon
  5481 | D:6      | Slain by a steam dragon

Illustrated notes

Levels and vault maps discovered:
D:1:      dpeg_arrival_pits, layout_basic,
          shapermc_ecumenical_altar_mp_highgroup
D:2:      layout_loops_ring, kennysheep_cluttered_room
D:3:      layout_loops_corners, uniq_terence
D:4:      layout_gridville, worldfamousw_hep_ancestral_shrine,
          kennysheep_mini_moat, chequers_garden
D:5:      layout_rooms, temple_hall, serial_shops, nicolae_shop_waterfront,
          uniq_edmund
D:6:      layout_basic, lemuel_round_altar, nicolae_qazlal_eye_of_the_storm,
          hangedman_abyss_or_decor_passed, grunt_ministairs_6,
          serial_bayou_pond_e, minmay_misc_feat_plants,
          guppyfry_early_elven_hall, uniq_menkaure, uniq_prince_ribbit1
Temple:   chequers_temple_sunken

Skill      XL: |  1  2  3  4  5  6 |
---------------+-------------------+-----
Axes           | 1 2 |  2.2
Shields        | 1 2 |  2.4
Necromancy     | 5 |  5.0
Maces & Flails | 1 2 |  2.6
Fighting       | 1 2 |  2.2
Poison Magic   | 2 |  2.3
Staves         | |  0.6
Dodging        | |  1.5
Stealth        | |  3.0
Spellcasting   | |  2.6

Action                   |  1- 3 |  4- 6 |  7- 9 || total
-------------------------+-------+-------+-------++-------
Melee: Hand axe          |    18 |    56 |       ||    74
       Dagger            |     1 |       |       ||     1
       Mace              |       |    26 |       ||    26
       Quarterstaff      |       |     7 |       ||     7
       Flail             |       |    93 |     2 ||    95
 Cast: Pain              |    31 |    71 |     6 ||   108
       Vampiric Draining |       |     1 |       ||     1
Invok: Minor Destruction |       |       |     3 ||     3
 Abil: Spit Poison       |     5 |    18 |     2 ||    25
  Use: Scroll            |       |     2 |     4 ||     6
       Potion            |       |     1 |       ||     1
 Stab: Sleeping          |     2 |     1 |       ||     3
Armor: Robe              |     8 |   100 |     6 ||   114
Dodge: Dodged            |    14 |   159 |     8 ||   181

Table legend: (Time is in decaauts)
 A = Elapsed time spent in this place.
 B = Non-inter-level travel time spent in this place.
 C = Inter-level travel time spent in this place.
 D = Time resting spent in this place.
 E = Time spent auto-exploring this place.
 F = Levels seen in this place.
 G = Mean time per level.
                   A        B        C        D        E       F      G
               +--------+--------+--------+--------+--------+-----+--------+
         Total |   6999 |   6606 |    393 |   1165 |   4479 |   7 |  999.9 |
       Dungeon |   6978 |   6585 |    393 |   1146 |   4479 |   6 | 1163.0 |
        Temple |     20 |     20 |      0 |     19 |      0 |   1 |   20.0 |
               +--------+--------+--------+--------+--------+-----+--------+

Top non-repeatable levels by time:
     D:3: 1563 daAuts
     D:2: 1432 daAuts
     D:1: 1349 daAuts
     D:4: 1266 daAuts
     D:5: 1226 daAuts
     D:6: 141 daAuts
  Temple: 20 daAuts
